 Dungeon Crawl Stone Soup version 0.30-a0-377-g5cb311bc9f (webtiles) character file.

Game seed: 17727332360503502578

9 qeuew the Trooper (level 2, -2/24 HPs)
             Began as a Demonspawn Chaos Knight on Nov 29, 2022.
             Was a Plaything of Xom.
             Slain by a kobold
             ... wielding a +4 short sword of electrocution
              (7 damage)
             ... on level 1 of the Dungeon.
             The game lasted 00:00:21 (190 turns).

qeuew the Trooper (Demonspawn Chaos Knight)          Turns: 190, Time: 00:00:21

Health: -2/24      AC:  5    Str: 12    XL:     2   Next: 3%
Magic:  2/2        EV: 13    Int: 13    God:    Xom [..*...]
Gold:   28         SH:  0    Dex: 12    Spells: 1/1 levels left

rFire   . . .      SeeInvis .    a - +0 mace (chaos)
rCold   . . .      Faith    .    (no shield)
rNeg    . . .      Spirit   .    b - +2 leather armour
rPois   .          Reflect  .    (no helmet)
rElec   .          Harm     .    (no cloak)
rCorr   .          Rampage  .    (no gloves)
Will    .....                    (no boots)
Stlth   +.........               (no amulet)
HPRegen 0.24/turn                (no ring)
MPRegen 0.08/turn                (no ring)

@: no status effects
A: repulsion field 1
a: Renounce Religion


You were on level 1 of the Dungeon.
You worshipped Xom.
You were a toy of Xom.
You visited 1 branch of the dungeon, and saw 1 of its levels.

You collected 28 gold pieces.

Inventory:

Hand Weapons
 a - a +0 mace of chaos (weapon)
Armour
 b - a +2 leather armour (worn)
Scrolls
 d - a scroll of identify {unknown}
Miscellaneous
 c - a piece from Xom's chessboard (15/15) (quivered)


   Skills:
 + Level 3.1 Fighting
 + Level 2.8 Maces & Flails
 + Level 1.9 Armour
 + Level 1.1 Dodging
 + Level 0.4 Evocations


You had one spell level left.
You didn't know any spells.
Your spell library was empty.

Dungeon Overview and Level Annotations

Branches:
Dungeon (1/15)

Altars:


Innate Abilities, Weirdness & Mutations

You are surrounded by a mild repulsion field. (EV +2)


Message History

A kobold comes into view.
It is wielding a +4 short sword of electrocution.
The kobold shouts!
You hear a shout!
A kobold is nearby!
Found 2 cyan potions.
A kobold comes into view. It is wielding a +0 dagger.
The kobold hits you but does no damage.
You are electrocuted!
Ouch! That really hurt!
A ball python comes into view.
You are too injured to fight recklessly!
You are too injured to fight recklessly!
You are too injured to fight recklessly!
You are too injured to fight recklessly!
You are too injured to fight recklessly!
You are too injured to fight recklessly!
You are too injured to fight recklessly!
You are too injured to fight recklessly!
You are too injured to fight recklessly!
You are too injured to fight recklessly!
You are too injured to fight recklessly!
You are too injured to fight recklessly!
You are too injured to fight recklessly!
You are too injured to fight recklessly!
You are too injured to fight recklessly!
You are too injured to fight recklessly!
You are too injured to fight recklessly!
You are too injured to fight recklessly!
You are too injured to fight recklessly!
You are too injured to fight recklessly!
Unknown command.
The ball python hisses angrily.
You hit the kobold.
The kobold is poisoned.
The kobold is moderately wounded.
The kobold hits you but does no damage. The kobold closely misses you.
You barely miss the kobold. The kobold barely misses you.
The kobold hits you with a +4 short sword of electrocution.
* * * LOW HITPOINT WARNING * * *
You hit the kobold.
You kill the kobold!
The kobold hits you with a +4 short sword of electrocution!
You die...

############
..?........##
............
...........#
...........# #
...........# ...
..........K###.!..#
#########.......@)S#
.......#####.##.##......
.......#####..†..# ###..
..#.#..##.....#..#
[.#_#..##.###....#
...†...##.######.#
.......##....###.#
..................
.........###.####


You could see a ball python and a kobold (very poisoned).

Vanquished Creatures
  A dart slug (D:1)
  A ball python (D:1)
  A bat (D:1)
  A hobgoblin (D:1)
  A quokka (D:1)
  2 kobolds (D:1)
7 creatures vanquished.

Notes
Turn   | Place    | Note
-------+----------+-------------------------------------------
     0 | D:1      | qeuew the Demonspawn Chaos Knight began the quest for the
                  | Orb.
     0 | D:1      | Reached XP level 1. HP: 18/18 MP: 1/1
    34 | D:1      | XOM: potion effect (haste)
    35 | D:1      | Reached skill level 1 in Dodging
   140 | D:1      | Found a faded altar of an unknown god.
   179 | D:1      | XOM: potion effect (curing)
   183 | D:1      | Gained mutation: You are surrounded by a mild repulsion
                  | field. (EV +2) [demonic ancestry]
   183 | D:1      | Reached XP level 2. HP: 24/24 MP: 2/2
   190 | D:1      | Slain by a kobold

Illustrated notes

Levels and vault maps discovered:
D:1:      onia_arrival_mini_spirals, layout_basic, ebering_ecumenical_altar_rust

Skill      XL: |  1 |
---------------+----+-----
Dodging        | 1 |  1.1
Fighting       | |  3.1
Maces & Flails | |  2.8
Armour         | |  1.9
Evocations     | |  0.4

Action                   || total
-------------------------++-------
Melee: Mace              ||    20
Armor: Leather armour    ||    13
Dodge: Dodged            ||    15

Table legend: (Time is in decaauts)
 A = Elapsed time spent in this place.
 B = Non-inter-level travel time spent in this place.
 C = Inter-level travel time spent in this place.
 D = Time resting spent in this place.
 E = Time spent auto-exploring this place.
 F = Levels seen in this place.
 G = Mean time per level.
                   A        B        C        D        E       F      G
               +--------+--------+--------+--------+--------+-----+--------+
         Total |    177 |    177 |      0 |      0 |    127 |   1 |  177.0 |
       Dungeon |    177 |    177 |      0 |      0 |    127 |   1 |  177.0 |
               +--------+--------+--------+--------+--------+-----+--------+

Top non-repeatable levels by time:
     D:1: 177 daAuts
